 Dungeon Crawl Stone Soup version 0.20-a0-551-gc8f91ca (webtiles) character file.

2356 Devintownsend the Basher (level 9, -13/81 HPs)
             Began as a Minotaur Fighter on Feb 2, 2017.
             Was a Follower of Okawaru.
             Mangled by an ogre
             ... wielding a +0 giant club
              (25 damage)
             ... on level 8 of the Dungeon on Feb 3, 2017.
             The game lasted 00:18:02 (5060 turns).

Devintownsend the Basher (Minotaur Fighter)         Turns: 5060, Time: 00:18:03

Health: -13/81     AC: 10    Str: 29    XL:     9   Next: 20%
Magic:  8/8        EV: 10    Int:  5    God:    Okawaru [*.....]
Gold:   242        SH:  0    Dex: 10    Spells: 8/8 levels left

rFire    . . .     SeeInvis .   v - +1 dire flail (protect)
rCold    . . .     Gourm    .   b - +0 scale mail
rNeg     . . .     Faith    +   (shield currently unavailable)
rPois    .         Spirit   .   (helmet restricted)
rElec    .         Reflect  .   (no cloak)
rCorr    .         Harm     .   o - +0 pair of gloves
MR       .....                  K - +0 pair of boots
Stlth    ..........             Q - amulet of faith
Regen    0.3/turn               (no ring)
                                p - ring of flight

@: mighty, lethally poisoned (-13 -> -23)
A: retaliatory headbutt, horns 2
a: Heroism, Renounce Religion, Evoke Flight


You were on level 8 of the Dungeon.
You worshipped Okawaru.
Okawaru was aware of your devotion.
You were hungry.

You visited 2 branches of the dungeon, and saw 9 of its levels.

You collected 242 gold pieces.

Inventory:

Hand Weapons
 a - a +0 flail
 m - a +1 flail of draining
 v - a +1 dire flail of protection (weapon)
Armour
 b - a +0 scale mail (worn)
 c - a +0 shield
 o - a +0 pair of gloves (worn)
 K - a +0 pair of boots (worn)
 M - a +0 buckler
Jewellery
 i - a +3 amulet of reflection
 j - an uncursed amulet of regeneration
 p - a ring of flight (left hand)
 E - an uncursed ring of flight
 Q - an amulet of faith (around neck)
Wands
 z - a wand of flame (34/48)
 I - a wand of confusion (29/48)
 S - a wand of iceblast (10/15)
Scrolls
 g - 2 scrolls of blinking {unknown}
 h - a scroll of identify {unknown}
 q - 3 scrolls of enchant weapon {unknown}
 s - a scroll of random uselessness {unknown}
 t - a scroll of fog {unknown}
 u - a scroll of magic mapping {unknown}
 y - a scroll of fear {unknown}
 A - a scroll of enchant armour {unknown}
 F - 2 scrolls of recharging {unknown}
 H - a scroll of immolation {unknown}
 N - a scroll of teleportation {unknown}
 O - a scroll of silence {unknown}
 P - a scroll of noise {unknown}
Potions
 e - 4 potions of curing {unknown}
 k - 3 potions of heal wounds {unknown}
 l - a potion of resistance {unknown}
 w - a potion of cancellation {unknown}
 B - 2 potions of mutation {unknown}
 C - a potion of agility {unknown}
 G - a potion of haste {unknown}
 J - a potion of lignification {unknown}
 R - a potion of ambrosia {unknown}
 T - a potion of magic {unknown}
Books
 D - a book of Frost

   Spells                             Type                      Level
   a - Freeze                         Ice                          1
   b - Throw Frost                    Conjuration/Ice              2
   c - Ozocubu's Armour               Charms/Ice                   3
   d - Throw Icicle                   Conjuration/Ice              4
   e - Summon Ice Beast               Ice/Summoning                4
Comestibles
 f - 4 bread rations
 n - 10 fruits
 r - 2 meat rations
 x - 2 royal jellies


   Skills:
 + Level 7.9 Fighting
 + Level 10.7 Maces & Flails
 + Level 7.9 Armour
 - Level 1.0 Dodging
 - Level 0.1 Stealth
 - Level 4.2 Shields


You had 8 spell levels left.
You didn't know any spells.

Dungeon Overview and Level Annotations

Branches:
Dungeon (8/15)             Temple (1/1) D:6
   Lair: D:8-11

Altars:
Ashenzari
Cheibriados
Dithmenos
Elyvilon
Fedhas
Gozag
Hepliaklqana
Kikubaaqudgha
Makhleb
Nemelex Xobeh
Okawaru
Qazlal
Ru
Sif Muna
Trog
Uskayaw
Vehumet
Xom
Yredelemnul
Zin
The Shining One

Shops:
D:5 (


Innate Abilities, Weirdness & Mutations

You reflexively headbutt those who attack you in melee.
You have a pair of horns on your head.


Message History

Okawaru accepts your kill.
You feel sick. The gnoll closely misses you.
* * * LOW HITPOINT WARNING * * *
You feel sick. The gnoll hits you but does no damage.
You see here a hound corpse.
* * * LOW HITPOINT WARNING * * *
You feel sick.
Things that are here:
a killer bee corpse x2
You feel very mighty all of a sudden.
You feel sick. The ogre barely misses you. You furiously retaliate!
You headbutt the ogre! You barely miss the ogre.
The ogre is heavily wounded.
You feel sick.
You barely miss the ogre.
The ogre is heavily wounded.
You feel sick. The gnoll hits you but does no damage.
The ogre hits you with a giant club!!
You die...

.......
.......
.......
....... ..#
.......
..##..
.......
#.....
######.......
#....
#..@Og)......
##....
#.#######.###
#..... #.####
#.....
#....###
##.....
#......##
#......
##......##
##.###.
####....###
#..# #.
###....###..#
##
##........# #


You could see an ogre and a gnoll.

Vanquished Creatures
  Grinder (D:3)
  Prince Ribbit (D:5)
  The ghost of Asddderdsw the Conjurer, an amateur DrCj (D:4)
  Menkaure (D:4)
  Edmund (D:4)
  An ice beast (D:6)
  3 ogres
  A phantom (D:5)
  A bullfrog (D:6)
  A gnoll sergeant (D:8)
  4 killer bees (D:8)
  3 wights (D:6)
  2 crimson imps (D:6)
  A bullfrog zombie (D:8)
  4 hounds
  3 worker ants
  2 iguanas
  3 orc wizards
  A hound skeleton (D:7)
  Robin (D:3)
  6 gnolls
  12 adders
  2 oozes
  An adder skeleton (D:4)
  An adder zombie (D:6)
  2 worms
  2 dart slugs (D:3)
  4 leopard geckos
  19 orcs
  3 bats
  3 giant cockroaches
  10 goblins
  13 hobgoblins
  8 jackals
  2 quokkas
  3 ball pythons
  3 frilled lizards (D:1)
  2 kobolds
  7 rats
139 creatures vanquished.

Notes
Turn   | Place    | Note
-------+----------+-------------------------------------------
     0 | D:1      | Devintownsend the Minotaur Fighter began the quest for the Orb.
     0 | D:1      | Reached XP level 1. HP: 19/19 MP: 0/0
   120 | D:1      | Reached XP level 2. HP: 24/27 MP: 1/1
   683 | D:1      | Reached XP level 3. HP: 29/33 MP: 2/2
  1183 | D:2      | Reached skill level 3 in Maces & Flails
  1628 | D:3      | Reached skill level 1 in Dodging
  1628 | D:3      | Reached XP level 4. HP: 28/40 MP: 3/3
  1795 | D:3      | Noticed Robin
  1803 | D:3      | Reached skill level 5 in Armour
  1812 | D:3      | Killed Robin
  1812 | D:3      | Reached XP level 5. HP: 33/46 MP: 4/4
  1829 | D:3      | Reached skill level 4 in Maces & Flails
  1915 | D:3      | Noticed Grinder
  1922 | D:3      | Paralysed by Grinder for 3 turns
  1932 | D:3      | Killed Grinder
  1932 | D:3      | Reached skill level 5 in Fighting
  1932 | D:3      | Reached skill level 5 in Maces & Flails
  1932 | D:3      | Reached XP level 6. HP: 29/56 MP: 5/5
  2236 | D:4      | Noticed Asddderdsw's ghost (amateur DrCj)
  2259 | D:4      | Killed Asddderdsw's ghost
  2259 | D:4      | Reached skill level 6 in Maces & Flails
  2259 | D:4      | Reached XP level 7. HP: 36/61 MP: 6/6
  2444 | D:4      | Noticed Menkaure
  2453 | D:4      | Killed Menkaure
  2530 | D:4      | Reached skill level 7 in Maces & Flails
  2674 | D:4      | Noticed Edmund
  2683 | D:4      | Killed Edmund
  2854 | D:5      | Entered Level 5 of the Dungeon
  3057 | D:5      | Noticed Prince Ribbit
  3118 | D:5      | Found Terum's Weapon Emporium.
  3263 | D:5      | Reached skill level 8 in Maces & Flails
  3263 | D:5      | Reached XP level 8. HP: 69/70 MP: 7/7
  3610 | D:5      | Killed Prince Ribbit
  3857 | D:6      | Reached skill level 9 in Maces & Flails
  3960 | D:6      | Found a staircase to the Ecumenical Temple.
  3969 | Temple   | Entered the Ecumenical Temple
  4070 | Temple   | Became a worshipper of Warmaster Okawaru
  4214 | D:6      | Reached skill level 10 in Maces & Flails
  4429 | D:6      | Reached XP level 9. HP: 79/79 MP: 8/8
  4757 | D:7      | Found a burning altar of Makhleb.
  4992 | D:8      | Reached * piety under Okawaru
  5060 | D:8      | Mangled by an ogre

Vault maps used:
D:1:      minmay_arrival_split_and_join, minmay_misc_feat_secret_circle,
          minmay_tromino_v4_c
D:3:      first_bread, uniq_robin, uniq_grinder
D:4:      kennysheep_pointless_box, minmay_misc_feat_rows, dk_vineyard_3,
          uniq_menkaure, uniq_edmund
D:5:      serial_shops, nicolae_shop_statue_plus, uniq_prince_ribbit1
D:6:      minmay_temple_entry_statues
D:7:      basic_altar
D:8:      minmay_bloctagon, serial_curves, eino_curves_02, eino_curves_04
Temple:   kilobyte_greek_temple

Skill      XL: |  1  2  3  4  5  6  7  8 |
---------------+-------------------------+-----
Armour         | 4 5 6 7 |  7.9
Shields        | 4 |  4.2
Fighting       | 4 5 6 7 |  7.9
Maces & Flails | 3 5 6 8 10 | 10.7
Dodging        | 1 |  1.0
Stealth        | |  0.1

Action                   |  1- 3 |  4- 6 |  7- 9 || total
-------------------------+-------+-------+-------++-------
Melee: Flail             |    99 |    99 |    45 ||   243
       Headbutt          |    15 |    13 |    32 ||    60
       Dire flail        |       |       |   151 ||   151
  Use: Potion            |       |       |     1 ||     1
  Eat: Chunk             |     2 |     2 |     9 ||    13
Armor: Scale mail        |    34 |    48 |    99 ||   181
Dodge: Dodged            |    25 |    45 |    71 ||   141
Block: Shield            |    47 |    62 |    23 ||   132
